 Dungeon Crawl Stone Soup version 0.27-a0-1140-g099f9bb0e8 (webtiles) character file.

Game seed: 5005151372204251661

100 jasper the Insei (level 4, -2/33 HPs)
             Began as a Djinni Transmuter on May 9, 2021.
             Slain by a gnoll
             ... wielding a +1 flail of holy wrath
              (8 damage)
             ... on level 3 of the Dungeon.
             The game lasted 00:05:04 (3332 turns).

jasper the Insei (Djinni Transmuter)                Turns: 3332, Time: 00:05:05

Health: -2/33      AC:  5    Str:  9    XL:     4   Next: 73%
Gold:   142        EV: 11    Int: 15    God:
                   SH:  0    Dex: 14

rFire    + + .     SeeInvis .     - Unarmed
rCold    x . .     Faith    .   (no shield)
rNeg     . . .     Spirit   .   e - +0 ring mail
rPois    ∞         Reflect  .   (no helmet)
rElec    .         Harm     .   (no cloak)
rCorr    .         Rampage  .   (no gloves)
Will     .....                  (boots unavailable)
Stlth    +.........             (no amulet)
HPRegen  0.11/turn              (no ring)
MPRegen  0.00/turn              (no ring)

@: flying, studying Unarmed Combat
A: sickness immunity, fire resistance 2, cold vulnerability 1, float, innate
caster, hp casting, extra vitality 1
a: no special abilities


You were on level 3 of the Dungeon.
You visited 1 branch of the dungeon, and saw 4 of its levels.

You collected 142 gold pieces.

Inventory:

Hand Weapons
 p - a +2 dagger of venom
Missiles
 h - 59 stones
 j - 3 poisoned darts
 q - 2 boomerangs
Armour
 a - a +0 robe
 e - a +0 ring mail (worn)
Magical Staves
 i - a staff of earth
Jewellery
 d - an amulet of faith
Wands
 f - a wand of polymorph (3)
Potions
 b - a potion of might
 c - a potion of ambrosia
 g - a potion of cancellation {unknown}
 k - a potion of flight {unknown}
 m - a potion of mutation {unknown}
 n - a potion of curing {unknown}


   Skills:
 + Level 2.2 Fighting
 + Level 3.1 Dodging
 * Level 4.6 Unarmed Combat
 - Level 1.7 Spellcasting


You couldn't memorise any spells.
You knew the following spells:

 Your Spells              Type           Power      Damage    Failure   Level
a - Beastly Appendage     Tmut           12%        N/A       30%         1
b - Wereblood             Tmut           6%         N/A       43%         2
c - Spider Form           Tmut/Pois      3%         N/A       67%         3
d - Ice Form              Ice/Tmut       6%         N/A       97%         4
e - Hydra Form            Tmut           3%         N/A       100%        5
f - Shock                 Conj/Air       24%        1d4       30%         1
Your spell library was empty.

Dungeon Overview and Level Annotations

Branches:
Dungeon (4/15)
 Temple: D:4-7

Altars:
Uskayaw
Xom

Annotations:
D:2 Sigmund
D:3 2 transporters, snackwell's ghost, amateur SpDe


Innate Abilities, Weirdness & Mutations

You are immune to sickness and miasma.
You are immune to poison.
Your flesh is very heat resistant. (rF++)
You are vulnerable to cold. (rC-)
You float through the air rather than walking.
You learn spells naturally, not from books.
Your magical power is your life essence.
You have superior vitality. (+4 HP)


Message History

A gnoll comes into view. It is wielding a +0 whip.
The gnoll shouts!
You hear a shout!
A gnoll comes into view. It is wielding a +0 flail. x2
The gnoll shouts!
You hear a shout!
You hit the goblin. You headbutt the goblin.
You kill the goblin!
Okay, then.
Okay, then.
The gnoll throws a throwing net.
The throwing net hits you.
You become entangled in the net!
You stop ascending the stairs.
An endoplasm comes into view.
You struggle against the net.
The endoplasm quivers.
You struggle against the net.
Health restored: 33 You struggle against the net.
You struggle against the net.
The gnoll hits you with a +1 flail of holy wrath.
You take 3 damage, and have 30/33 hp.
You shred the net and break free! The gnoll hits you with a +0 whip.
The gnoll hits you with a +1 flail of holy wrath.
The gnoll hits you with a +0 flail.
You take 10 damage, and have 20/33 hp.
MASSIVE DAMAGE!!
Your horns disappear.
The gnoll hits you with a +1 flail of holy wrath!
The gnoll barely misses you. The endoplasm hits you.
You fly upwards.
Level annotation: 2 transporters, snackwell's ghost, amateur SpDe
There is a stone staircase leading down here.
You take 10 damage, and have 10/33 hp.
MASSIVE DAMAGE!!
The gnoll hits you with a +1 flail of holy wrath.
* * * LOW HITPOINT WARNING * * *
The gnoll barely misses you. The endoplasm freezes you.
You are frozen.
You feel a terrible chill!
* * * LOW HITPOINT WARNING * * *
You take 4 damage, and have 6/33 hp.
The endoplasm barely misses you.
The gnoll hits you with a +1 flail of holy wrath!
You die...

#...###......©..).......#'#######
#.#.#.............#.#####.# #
..#...............#.# #.# #
...##.#####.####..#.# #.# #
#...#.............#.#####.## #
....#..####.####..#.......<# #
#...#..# #.#[....#.....##.### #
.......# #.#.#...#.###.#....####
#..#...####.....@.#.# #.#........
.........####.##Jg#.###.#.##.####
##..#....# #.##gg......#.##.....
##..'....# #.##..#.#####.......#
###.#....# #.#####.###########.#
###.#....## #.# #.....J..).##.#
..#.#.....# #.# #######..#.##.#
..#<#.....###.####### #..#....#
#.#####...#.........# #).######


You could see 3 gnolls and an endoplasm.

Vanquished Creatures
  A gnoll (D:2)
  A dart slug (D:1)
  4 orcs (D:3)
  6 bats
  2 endoplasms
  3 giant cockroaches (D:2)
  3 hobgoblins
  3 jackals (D:1)
  4 kobolds
  2 quokkas (D:1)
  11 ball pythons
  2 frilled lizards (D:2)
  11 goblins
  10 rats
63 creatures vanquished.

Vanquished Creatures (others)
  An orc wizard (D:3)
  4 toadstools (D:1)
5 creatures vanquished.

Grand Total: 68 creatures vanquished

Notes
Turn   | Place    | Note
-------+----------+-------------------------------------------
     0 | D:1      | jasper the Djinni Transmuter began the quest for the Orb.
     0 | D:1      | Reached XP level 1. HP: 17/17 MP: 0/0
   253 | D:1      | Reached XP level 2. HP: 21/22 MP: 0/0
   676 | D:1      | Found a faded altar of an unknown god.
   681 | D:1      | Reached XP level 3. HP: 24/27 MP: 0/0
   681 | D:1      | Learned a level 1 spell: Shock
  1472 | D:2      | Noticed Sigmund
  1645 | D:2      | Reached skill level 4 in Unarmed Combat
  1699 | D:2      | Reached XP level 4. HP: 18/33 MP: 0/0
  2028 | D:2      | Identified a scroll of acquirement
  2028 | D:2      | Acquired a manual of Unarmed Combat
  2492 | D:3      | Noticed snackwell's ghost (amateur SpDe)
  2512 | D:3      | Found a hide-covered altar of Uskayaw.
  2552 | D:3      | Found a transporter.
  2553 | D:3      | Found a transporter.
  3085 | D:3      | Found a shimmering altar of Xom.
  3332 | D:3      | Slain by a gnoll

Illustrated notes

Levels and vault maps discovered:
D:1:      ldierk_water_garden, layout_basic,
          hellmonk_ecumenical_altar_pennies_from_heaven
D:2:      layout_basic, minmay_close_crescents, uniq_sigmund
D:3:      layout_basic, marbit_many_paths, overflow_temple_1_default,
          gammafunk_ghost_arena
D:4:      gammafunk_wand_slinger, layout_basic, minmay_misc_feat_tower

Skill      XL: |  1  2  3  4 |
---------------+-------------+-----
Fighting       | 2 |  2.2
Unarmed Combat | 4 |  4.6
Dodging        | 3 |  3.1
Spellcasting   | |  1.7

Action                   |  1- 3 |  4- 6 || total
-------------------------+-------+-------++-------
Melee: Unarmed           |   147 |    75 ||   222
       Headbutt          |     9 |     8 ||    17
       Punch             |     1 |     2 ||     3
 Cast: Beastly Appendage |    26 |    10 ||    36
       Shock             |       |     1 ||     1
       Wereblood         |       |     1 ||     1
  Use: Scroll            |       |     4 ||     4
       Potion            |       |     1 ||     1
 Stab: Sleeping          |     2 |       ||     2
Armor: Robe              |    21 |     2 ||    23
       Ring mail         |       |    23 ||    23
Dodge: Dodged            |    88 |    50 ||   138

Table legend: (Time is in decaauts)
 A = Elapsed time spent in this place.
 B = Non-inter-level travel time spent in this place.
 C = Inter-level travel time spent in this place.
 D = Time resting spent in this place.
 E = Time spent auto-exploring this place.
 F = Levels seen in this place.
 G = Mean time per level.
                   A        B        C        D        E       F      G
               +--------+--------+--------+--------+--------+-----+--------+
         Total |   3315 |   3234 |     81 |    654 |   1996 |   4 |  828.8 |
       Dungeon |   3315 |   3234 |     81 |    654 |   1996 |   4 |  828.8 |
               +--------+--------+--------+--------+--------+-----+--------+

Top non-repeatable levels by time:
     D:3: 1280 daAuts
     D:1: 1229 daAuts
     D:2: 792 daAuts
     D:4: 13 daAuts
